 Dungeon Crawl Stone Soup version 0.21-a0 (webtiles) character file.

111 sighowe the Shield-Bearer (level 4, -1/40 HPs)
             Began as a Minotaur Fighter on May 20, 2017.
             Slain by LogicNinja's ghost (10 damage)
             ... on level 3 of the Dungeon.
             The game lasted 00:06:25 (1969 turns).

sighowe the Shield-Bearer (Minotaur Fighter)        Turns: 1969, Time: 00:06:26

Health: -1/40      AC:  7    Str: 27    XL:     4   Next: 62%
Magic:  3/3        EV:  8    Int:  5    God:
Gold:   59         SH: 10    Dex:  9    Spells: 3/3 levels left

rFire    . . .     SeeInvis .   a - +0 war axe
rCold    . . .     Gourm    .   c - +0 shield
rNeg     . . .     Faith    .   b - +0 scale mail
rPois    +         Spirit   .   (helmet restricted)
rElec    .         Reflect  .   (no cloak)
rCorr    .         Harm     .   (no gloves)
MR       .....                  (no boots)
Stlth    ..........             (no amulet)
Regen    0.2/turn               h - ring of poison resistance
MPRegen  0.1/turn               t - ring of loudness (curse)

@: mighty
A: retaliatory headbutt, horns 2
a: no special abilities


You were on level 3 of the Dungeon.
You were not hungry.

You visited 1 branch of the dungeon, and saw 3 of its levels.

You collected 59 gold pieces.

Inventory:

Hand Weapons
 a - a +0 war axe (weapon)
Armour
 b - a +0 scale mail (worn)
 c - a +0 shield (worn)
Jewellery
 h - a ring of poison resistance (left hand)
 i - an uncursed ring of protection from cold
 o - an uncursed ring of wizardry
 t - a cursed ring of loudness (right hand)
 v - a +3 ring of strength {unknown}
Scrolls
 j - 2 scrolls of teleportation {unknown}
 l - a scroll of fear {unknown}
 m - 2 scrolls of identify {unknown}
 n - a scroll of blinking
 q - a scroll of enchant armour {unknown}
 s - 2 scrolls of magic mapping {unknown}
 w - a scroll of random uselessness {unknown}
Potions
 e - a potion of brilliance {unknown}
 k - a potion of berserk rage {unknown}
 p - a potion of flight {unknown}
 r - a potion of mutation {unknown}
 u - a potion of curing {unknown}
Comestibles
 f - 2 bread rations
 g - a meat ration


   Skills:
 + Level 4.1 Fighting
 * Level 3.7 Axes
 + Level 4.2 Armour
 + Level 0.7 Dodging
 + Level 1.3 Stealth
 + Level 4.3 Shields


You had 3 spell levels left.
You didn't know any spells.

Dungeon Overview and Level Annotations

Branches:
Dungeon (3/15)

Altars:
Yredelemnul

Annotations:
D:3 LogicNinja's ghost, amateur HOMo


Innate Abilities, Weirdness & Mutations

You reflexively headbutt those who attack you in melee.
You have a pair of horns on your head.


Message History

Your shield and scale mail prevent you from hitting LogicNinja's ghost.
LogicNinja's ghost is lightly damaged.
You block LogicNinja's ghost's attack.
You closely miss LogicNinja's ghost.
You headbutt LogicNinja's ghost, but do no damage.
LogicNinja's ghost is lightly damaged.
You block LogicNinja's ghost's attack.
LogicNinja's ghost hits you but does no damage.
You hit LogicNinja's ghost.
Your headbutt misses LogicNinja's ghost.
LogicNinja's ghost is lightly damaged.
LogicNinja's ghost hits you.
* * * LOW HITPOINT WARNING * * *
You closely miss LogicNinja's ghost.
LogicNinja's ghost is lightly damaged.
You block LogicNinja's ghost's attack.
LogicNinja's ghost hits you but does no damage.
You feel very mighty all of a sudden. LogicNinja's ghost hits you!
You die...

#......(#.#
#......)..(..(
#.###.###.#
###.########(.
#.###.# #.# ###..
#...#.# #+## #.... #
#.#.# #...# #.#..
#.#.# #..... #.#..
#.#####...# #...... #
#..
#.........####.......
#..
######......@W†......
.... ##...####.......
#.#.. #..## #......
#.#.. #.## #..... #
... #.# #...# #.#
#'## #.# .# #. #


You could see LogicNinja's ghost.

Vanquished Creatures
  Terence (D:2)
  2 oozes (D:1)
  5 worms
  2 leopard geckos
  6 bats (D:1)
  2 giant cockroaches
  4 goblins
  7 hobgoblins
  9 jackals
  2 ball pythons (D:3)
  3 frilled lizards (D:1)
  9 kobolds
  2 kobold skeletons (D:2)
  5 rats
59 creatures vanquished.

Notes
Turn   | Place    | Note
-------+----------+-------------------------------------------
     0 | D:1      | sighowe the Minotaur Fighter began the quest for the Orb.
     0 | D:1      | Reached XP level 1. HP: 19/19 MP: 0/0
   166 | D:1      | Reached XP level 2. HP: 15/27 MP: 1/1
   537 | D:1      | Reached XP level 3. HP: 33/33 MP: 2/2
   714 | D:1      | Reached skill level 1 in Stealth
   909 | D:2      | Noticed Terence
   916 | D:2      | Killed Terence
   916 | D:2      | Reached XP level 4. HP: 28/40 MP: 3/3
  1190 | D:2      | Found a runed door.
  1190 | D:2      | Noticed a human
  1207 | D:2      | Found a basalt altar of Yredelemnul.
  1955 | D:3      | Noticed LogicNinja's ghost (amateur HOMo)
  1969 | D:3      | Slain by LogicNinja's ghost

Vault maps used:
D:1:      matt_arrival_refuge
D:2:      dk_yredelemnul_ordeal, uniq_terence

Skill      XL: |  1  2  3 |
---------------+----------+-----
Axes           | 3 |  3.7
Shields        | 4 |  4.3
Stealth        | 1 |  1.3
Fighting       | 4 |  4.1
Armour         | 4 |  4.2
Dodging        | |  0.7

Action                   |  1- 3 |  4- 6 || total
-------------------------+-------+-------++-------
Melee: War axe           |    75 |    64 ||   139
       Headbutt          |    10 |    11 ||    21
  Use: Scroll            |     1 |       ||     1
       Potion            |       |     1 ||     1
  Eat: Bread ration      |       |     1 ||     1
       Chunk             |       |     1 ||     1
Armor: Scale mail        |    67 |    17 ||    84
Dodge: Dodged            |    40 |    21 ||    61
Block: Shield            |    78 |    34 ||   112
